 Dungeon Crawl Stone Soup version 0.29-a0-19-gef7f3e67aa (webtiles) character file.

Game seed: 16924017170419168770

489 Gargoyl the Skirmisher (level 7, -2/60 HPs)
             Began as a Gnoll Abyssal Knight on Jan 29, 2022.
             Was a Believer of Lugonu.
             Slain by a centaur warrior zombie (8 damage)
             ... on level 5 of the Dungeon.
             The game lasted 00:04:58 (4740 turns).

Gargoyl the Skirmisher (Gnoll Abyssal Knight)       Turns: 4740, Time: 00:04:59

Health: -2/60      AC:  9    Str: 14    XL:     7   Next: 14%
Magic:  10/10      EV:  7    Int: 10    God:    Lugonu [**....]
Gold:   146        SH:  5    Dex: 12    Spells: 10/10 levels left

rFire   . . .      SeeInvis .   q - +3 flail (holy)
rCold   . . .      Faith    .   (no shield)
rNeg    . . .      Spirit   .   j - +0 chain mail
rPois   .          Reflect  +   (no helmet)
rElec   .          Harm     .   (no cloak)
rCorr   .          Rampage  .   (no gloves)
Will    .....                   (no boots)
Stlth   ..........              e - amulet of reflection
HPRegen 0.20/turn               (no ring)
MPRegen 0.12/turn               (no ring)

@: no status effects
A: fangs 1, strong nose, distributed training
a: Renounce Religion, Depart the Abyss, Bend Space


You were on level 5 of the Dungeon.
You worshipped Lugonu.
Lugonu was pleased with you.
You visited 1 branch of the dungeon, and saw 5 of its levels.
You visited the Abyss 1 time.

You collected 146 gold pieces.

Inventory:

Hand Weapons
 a - a +1 hand axe
 c - a +0 war axe
 h - a +0 hand axe of freezing
 q - a +3 flail of holy wrath (weapon)
Missiles
 r - 3 poisoned darts
Armour
 j - a +0 chain mail (worn)
Jewellery
 e - an amulet of reflection (around neck)
 n - a ring of ice
Wands
 b - a wand of polymorph (2)
 m - a wand of charming (5)
Scrolls
 f - 2 scrolls of identify
 g - a scroll of holy word
 k - 2 scrolls of fog {unknown}
 o - a scroll of magic mapping {unknown}
Potions
 d - a potion of curing
 i - a potion of mutation {unknown}
 l - 2 potions of heal wounds {unknown}
 p - a potion of flight {unknown}


   Skills:
 + Level 7.0 Fighting
 + Level 2.3 Short Blades
 + Level 2.3 Long Blades
 + Level 5.1 Axes
 + Level 2.3 Maces & Flails
 + Level 2.3 Polearms
 + Level 2.3 Staves
 + Level 2.3 Slings
 + Level 2.3 Bows
 + Level 2.3 Crossbows
 + Level 2.3 Throwing
 + Level 5.1 Armour
 + Level 3.5 Dodging
 + Level 2.3 Stealth
 + Level 2.3 Shields
 + Level 2.3 Unarmed Combat
 + Level 2.3 Spellcasting
 + Level 1.8 Conjurations
 + Level 1.8 Hexes
 + Level 1.8 Summonings
 + Level 1.8 Necromancy
 + Level 1.8 Translocations
 + Level 1.8 Transmutations
 + Level 1.8 Fire Magic
 + Level 1.8 Ice Magic
 + Level 1.8 Air Magic
 + Level 1.8 Earth Magic
 + Level 1.8 Poison Magic
 + Level 5.3 Invocations
 + Level 2.3 Evocations


You had 10 spell levels left.
You didn't know any spells.
Your spell library was empty.

Dungeon Overview and Level Annotations

Branches:
Dungeon (5/15)
 Temple: D:4-7

Altars:

Shops:
D:2 (

Annotations:
D:3 2 transporters
D:4 2 transporters, Colgate's ghost, amateur DjTm


Innate Abilities, Weirdness & Mutations

You have very sharp teeth.
Your uncanny sense of smell can sniff out nearby items.
Your experience applies equally to all skills.


Message History

You hit the centaur warrior zombie.
The centaur warrior zombie is heavily damaged.
The centaur warrior zombie hits you.
The centaur warrior zombie kicks you but does no damage.
You hit the centaur warrior zombie.
The centaur warrior zombie is heavily damaged.
The centaur warrior zombie hits you.
The centaur warrior zombie kicks you but does no damage.
Your +0 hand axe of freezing stops glowing.
Your +3 flail of holy wrath softly glows with a divine radiance!
q - a +3 flail of holy wrath (weapon)
The centaur warrior zombie hits you but does no damage.
You block the centaur warrior zombie's attack.
You hit the centaur warrior zombie.
The centaur warrior zombie convulses.
The centaur warrior zombie is heavily damaged.
The centaur warrior zombie hits you!
* * * LOW HITPOINT WARNING * * *
The centaur warrior zombie kicks you but does no damage.
The centaur warrior zombie hits you.
* * * LOW HITPOINT WARNING * * *
The centaur warrior zombie kicks you but does no damage.
You hit the centaur warrior zombie.
The centaur warrior zombie convulses.
You punch the centaur warrior zombie.
The centaur warrior zombie is severely damaged.
The centaur warrior zombie hits you but does no damage.
The centaur warrior zombie barely misses you.
You hit the centaur warrior zombie.
The centaur warrior zombie convulses!
The centaur warrior zombie is severely damaged.
The centaur warrior zombie hits you.
* * * LOW HITPOINT WARNING * * *
The centaur warrior zombie kicks you but does no damage.
The centaur warrior zombie hits you but does no damage.
The centaur warrior zombie kicks you but does no damage.
You hit the centaur warrior zombie.
The centaur warrior zombie convulses.
The centaur warrior zombie is almost destroyed.
The centaur warrior zombie hits you.
* * * LOW HITPOINT WARNING * * *
The centaur warrior zombie kicks you but does no damage.
The centaur warrior zombie hits you!
You die...

.........#.#####.##..
......##.#..###.....
................###
......###.........###
..... #####..##...##
#.... ##.......####
###.# . ##...##.....
....##..........
....!.Z@.##.... ∆
......$..# ###
...#.....# ## ###...#
#...# #.... #...#
#####


You could see a centaur warrior zombie.

Vanquished Creatures
  Edmund (D:5)
  An ogre (D:4)
  2 scorpions
  A howler monkey (D:5)
  6 adders
  An ufetubus (D:5)
  2 worms
  A dart slug (D:1)
  2 orcs
  5 bats
  9 endoplasms
  6 giant cockroaches
  5 goblins
  5 hobgoblins
  3 quokkas
  6 ball pythons
  4 frilled lizards
  8 kobolds
  4 rats (D:1)
72 creatures vanquished.

Vanquished Creatures (others)
  2 plants (D:1)
2 creatures vanquished.

Grand Total: 74 creatures vanquished

Notes
Turn   | Place    | Note
-------+----------+-------------------------------------------
     0 | Abyss:1  | Gargoyl the Gnoll Abyssal Knight began the quest for the
                  | Orb.
     0 | Abyss:1  | Reached XP level 1. HP: 23/23 MP: 3/3
    11 | Abyss:2  | Noticed a small abomination
    11 | D:1      | Escaped the Abyss
   424 | D:1      | Reached * piety under Lugonu
   425 | D:1      | Reached XP level 2. HP: 17/29 MP: 5/5
  1235 | D:1      | Reached XP level 3. HP: 34/35 MP: 6/6
  1893 | D:2      | Found Ititruq's Antique Weapon Boutique.
  2260 | D:3      | Reached skill level 1 in Short Blades
  2260 | D:3      | Reached skill level 1 in Long Blades
  2260 | D:3      | Reached skill level 1 in Maces & Flails
  2260 | D:3      | Reached skill level 1 in Polearms
  2260 | D:3      | Reached skill level 1 in Staves
  2260 | D:3      | Reached skill level 1 in Slings
  2260 | D:3      | Reached skill level 1 in Bows
  2260 | D:3      | Reached skill level 1 in Crossbows
  2260 | D:3      | Reached skill level 1 in Throwing
  2260 | D:3      | Reached skill level 1 in Stealth
  2260 | D:3      | Reached skill level 1 in Shields
  2260 | D:3      | Reached skill level 1 in Unarmed Combat
  2260 | D:3      | Reached skill level 1 in Spellcasting
  2260 | D:3      | Reached skill level 1 in Evocations
  2297 | D:3      | Found a transporter.
  2306 | D:3      | Reached XP level 4. HP: 38/41 MP: 7/7
  2483 | D:3      | Reached ** piety under Lugonu
  2491 | D:3      | Found a transporter.
  2793 | D:3      | Found a faded altar of an unknown god.
  2811 | D:4      | Reached skill level 1 in Conjurations
  2811 | D:4      | Reached skill level 1 in Hexes
  2811 | D:4      | Reached skill level 1 in Summonings
  2811 | D:4      | Reached skill level 1 in Necromancy
  2811 | D:4      | Reached skill level 1 in Translocations
  2811 | D:4      | Reached skill level 1 in Transmutations
  2811 | D:4      | Reached skill level 1 in Fire Magic
  2811 | D:4      | Reached skill level 1 in Ice Magic
  2811 | D:4      | Reached skill level 1 in Air Magic
  2811 | D:4      | Reached skill level 1 in Earth Magic
  2811 | D:4      | Reached skill level 1 in Poison Magic
  2934 | D:4      | Noticed a scorpion
  2956 | D:4      | Killed a scorpion
  2957 | D:4      | Reached XP level 5. HP: 23/47 MP: 8/8
  3130 | D:4      | Noticed an ogre
  3353 | D:4      | Killed an ogre
  3354 | D:4      | Reached skill level 5 in Invocations
  3354 | D:4      | Reached XP level 6. HP: 53/53 MP: 9/9
  3695 | D:4      | Found a transporter.
  3704 | D:4      | Noticed Colgate's ghost (amateur DjTm)
  3867 | D:4      | Found a transporter.
  4316 | D:5      | Entered Level 5 of the Dungeon
  4361 | D:5      | Noticed Edmund
  4378 | D:5      | Reached skill level 5 in Axes
  4378 | D:5      | Reached skill level 5 in Armour
  4611 | D:5      | Killed Edmund
  4612 | D:5      | Reached XP level 7. HP: 49/59 MP: 10/10
  4721 | D:5      | Reached skill level 7 in Fighting
  4740 | D:5      | Slain by a centaur warrior zombie

Illustrated notes

Levels and vault maps discovered:
D:1:      saegor_arrival_under_anarchy, layout_rooms, chequers_big_river
D:2:      layout_loops_ring, serial_shops, nicolae_square_shop
D:3:      gammafunk_wand_slinger, layout_rooms,
          shapermc_ecumenical_altar_mp_urbaneastern
D:4:      layout_basic, gammafunk_ghost_stat_death, st_stairs_12
D:5:      layout_rooms, mainiacjoe_overflow_24_doors, slow_altar_1,
          uniq_crazy_yiuf_cottage, uniq_edmund

Skill      XL: |  1  2  3  4  5  6  7 |
---------------+----------------------+-----
Short Blades   | 1 2 |  2.3
Long Blades    | 1 2 |  2.3
Maces & Flails | 1 2 |  2.3
Polearms       | 1 2 |  2.3
Staves         | 1 2 |  2.3
Slings         | 1 2 |  2.3
Bows           | 1 2 |  2.3
Crossbows      | 1 2 |  2.3
Throwing       | 1 2 |  2.3
Stealth        | 1 2 |  2.3
Shields        | 1 2 |  2.3
Unarmed Combat | 1 2 |  2.3
Spellcasting   | 1 2 |  2.3
Evocations     | 1 2 |  2.3
Conjurations   | 1 |  1.8
Hexes          | 1 |  1.8
Summonings     | 1 |  1.8
Necromancy     | 1 |  1.8
Translocations | 1 |  1.8
Transmutations | 1 |  1.8
Fire Magic     | 1 |  1.8
Ice Magic      | 1 |  1.8
Air Magic      | 1 |  1.8
Earth Magic    | 1 |  1.8
Poison Magic   | 1 |  1.8
Dodging        | 3 |  3.5
Invocations    | 5 |  5.3
Axes           | 5 |  5.1
Armour         | 5 |  5.1
Fighting       | 7 |  7.0

Action                   |  1- 3 |  4- 6 |  7- 9 || total
-------------------------+-------+-------+-------++-------
Melee: Hand axe          |   117 |   130 |    16 ||   263
       Bite              |    13 |    12 |     1 ||    26
       Punch             |     1 |     2 |     4 ||     7
       Unarmed           |       |     3 |       ||     3
       Flail             |       |       |     4 ||     4
Throw: Dart              |       |    17 |       ||    17
Invok: Depart the Abyss  |     1 |       |       ||     1
Evoke: Wand              |       |     2 |       ||     2
  Use: Scroll            |     4 |     2 |       ||     6
       Potion            |       |     1 |       ||     1
 Stab: Sleeping          |     1 |       |       ||     1
Armor: Leather armour    |    22 |       |       ||    22
       Chain mail        |    12 |    49 |    24 ||    85
       Skin              |       |    11 |       ||    11
Dodge: Dodged            |    75 |    32 |     5 ||   112
Block: Other             |    21 |    24 |     5 ||    50
       Reflection        |     2 |       |       ||     2

Table legend: (Time is in decaauts)
 A = Elapsed time spent in this place.
 B = Non-inter-level travel time spent in this place.
 C = Inter-level travel time spent in this place.
 D = Time resting spent in this place.
 E = Time spent auto-exploring this place.
 F = Levels seen in this place.
 G = Mean time per level.
                   A        B        C        D        E       F      G
               +--------+--------+--------+--------+--------+-----+--------+
         Total |   4767 |   4647 |    120 |    395 |   3383 |   7 |  681.0 |
       Dungeon |   4756 |   4636 |    120 |    395 |   3377 |   5 |  951.2 |
         Abyss |     10 |     10 |      0 |      0 |      6 |   2 |    5.0 |
               +--------+--------+--------+--------+--------+-----+--------+

Top non-repeatable levels by time:
     D:4: 1703 daAuts
     D:1: 1512 daAuts
     D:2: 715 daAuts
     D:3: 587 daAuts
     D:5: 237 daAuts
 Abyss:2: 6 daAuts
 Abyss:1: 4 daAuts
